APPY
BLACKSBURG TRIBE @ MARION METS
06/29/1982
 
TOP OF THE 1ST
Blacksburg Tribe batting - Pitching for Marion Mets : RHP Kirby Krueger
Pitching: RHP Kirby Krueger
Batting: RHB Jesus Alcala 0-0: Ball
1-0: Ball
2-0: Fly out, F9 (Flyball, 9S, EV 88.1 MPH)
Batting: RHB Jay Munson 0-0: Ball
1-0: Ball
2-0: Ball
3-0: Base on Balls
Batting: LHB George Cecchetti 0-0: Called Strike
0-1: Ball
1-1: Swinging Strike
1-2: 2-RUN HOME RUN (Flyball, 9D, EV 101.3 MPH), Distance : 363 ft
Batting: RHB Alwin Creel 0-0: Called Strike
0-1: Fly out, F7 (Flyball, 7D, EV 100.0 MPH)
Batting: RHB Omar Mora 0-0: Ball
1-0: Foul Ball, location: 2F
1-1: SINGLE (Line Drive, 8LS, EV 106.3 MPH)
Batting: LHB Jose Infante 0-0: Called Strike
0-1: Ball
1-1: Called Strike
Omar Mora is caught stealing 2nd base 2-6
Top of the 1st over - 2 runs, 2 hits, 0 errors, 0 left on base; Blacksburg 2 - Marion 0
BOTTOM OF THE 1ST
Marion Mets batting - Pitching for Blacksburg Tribe : LHP Mike Jeffcoat
Pitching: LHP Mike Jeffcoat
Batting: RHB Thomas Wallace 0-0: Ball
1-0: Called Strike
1-1: Swinging Strike
1-2: Ball
2-2: Strikes out looking
Batting: LHB Ricky de la Cruz 0-0: Foul Ball, location: 2F
0-1: Called Strike
0-2: Ball
1-2: Foul Ball, location: 2F
1-2: DOUBLE (Line Drive, 89M, EV 100.6 MPH)
Batting: RHB Rey Quinones 0-0: Ground out U3 (Groundball, 23, EV 85.0 MPH)
Ricky de la Cruz to third
Batting: LHB Christopher Chapman 0-0: Called Strike
0-1: 2-RUN HOME RUN (Flyball, 89XD, EV 98.8 MPH), Distance : 407 ft
Batting: RHB Wayne Harrison 0-0: Foul Ball, location: 2F
0-1: Ball
1-1: SINGLE (Line Drive, 5D, EV 94.4 MPH)
Batting: SHB Sherman Webb 0-0: Ball
1-0: Foul Ball, location: 2F
1-1: Called Strike
1-2: Ball
2-2: Ball
3-2: Base on Balls
Wayne Harrison to second
Batting: LHB Francisco Jimenez 0-0: Swinging Strike
0-1: Ball
1-1: Foul Ball, location: 2F
1-2: Strikes out looking
Bottom of the 1st over - 2 runs, 3 hits, 0 errors, 2 left on base; Blacksburg 2 - Marion 2
TOP OF THE 2ND
Blacksburg Tribe batting - Pitching for Marion Mets : RHP Kirby Krueger
Batting: LHB Jose Infante 0-0: Called Strike
0-1: Foul Ball, location: 2F
0-2: Ball
1-2: Ball
2-2: Fly out, F9 (Flyball, 89M, EV 76.3 MPH)
Batting: RHB Mike Isherwood 0-0: Ball
1-0: Swinging Strike
1-1: Foul Ball, location: 2F
1-2: Strikes out swinging
Batting: RHB Michael Lanum 0-0: Ball
1-0: Swinging Strike
1-1: Foul Ball, location: 2F
1-2: Foul Ball, location: 2F
1-2: Strikes out swinging
Top of the 2nd over - 0 runs, 0 hits, 0 errors, 0 left on base; Blacksburg 2 - Marion 2
BOTTOM OF THE 2ND
Marion Mets batting - Pitching for Blacksburg Tribe : LHP Mike Jeffcoat
Batting: RHB Bob Geren 0-0: DOUBLE (Line Drive, 8LXD, EV 107.5 MPH)
Batting: RHB Jose Maldonado 0-0: Fly out, F9 (Line Drive, 9D, EV 90.6 MPH)
Batting: RHB Thomas Wallace 0-0: Fly out, F8 (Line Drive, 8LM, EV 95.0 MPH)
Batting: LHB Ricky de la Cruz 0-0: Ball
1-0: Foul Ball, location: 2F
1-1: Swinging Strike
1-2: Fly out, F8 (Flyball, 8RM, EV 85.6 MPH)
Bottom of the 2nd over - 0 runs, 1 hit, 0 errors, 1 left on base; Blacksburg 2 - Marion 2
TOP OF THE 3RD
Blacksburg Tribe batting - Pitching for Marion Mets : RHP Kirby Krueger
Batting: SHB Luis Martinez 0-0: Swinging Strike
0-1: Fly out, F8 (Line Drive, 8LM, EV 88.1 MPH)
Batting: RHB Jesus Alcala 0-0: Foul Ball, location: 2F
0-1: Swinging Strike
0-2: Ball
1-2: Ball
2-2: Ball
3-2: Fly out, F4 (Popup, 4, EV 65.0 MPH)
Batting: RHB Jay Munson 0-0: SINGLE (Flyball, 4D, EV 94.4 MPH)
Batting: LHB George Cecchetti 0-0: Called Strike
0-1: Ball
Wild Pitch!
Jay Munson to second
1-1: Called Strike
1-2: Ball
2-2: Strikes out swinging
Top of the 3rd over - 0 runs, 1 hit, 0 errors, 1 left on base; Blacksburg 2 - Marion 2
BOTTOM OF THE 3RD
Marion Mets batting - Pitching for Blacksburg Tribe : LHP Mike Jeffcoat
Batting: RHB Rey Quinones 0-0: Fly out, F7 (Flyball, 7, EV 94.4 MPH)
Batting: LHB Christopher Chapman 0-0: Called Strike
0-1: Foul Ball, location: 2F
0-2: Ball
1-2: Ball
2-2: Fly out, F3 (Popup, 3SF, EV 63.1 MPH)
Batting: RHB Wayne Harrison 0-0: Ball
1-0: Swinging Strike
1-1: Ball
2-1: Ball
3-1: Base on Balls
Batting: SHB Sherman Webb 0-0: Ball
1-0: Foul Ball, location: 2F
1-1: Ball
2-1: Called Strike
2-2: Ground out U3 (Groundball, 3L, EV 104.4 MPH)
Bottom of the 3rd over - 0 runs, 0 hits, 0 errors, 1 left on base; Blacksburg 2 - Marion 2
TOP OF THE 4TH
Blacksburg Tribe batting - Pitching for Marion Mets : RHP Kirby Krueger
Batting: RHB Alwin Creel 0-0: SINGLE (Flyball, 89S, EV 86.3 MPH)
Batting: RHB Omar Mora 0-0: Foul Ball, location: 2F
0-1: Ball
1-1: Called Strike
1-2: Strikes out swinging
Batting: LHB Jose Infante 0-0: Called Strike
0-1: Called Strike
0-2: DOUBLE (Flyball, 78D, EV 103.8 MPH)
Alwin Creel to third
Batting: RHB Mike Isherwood 0-0: Ball
1-0: Called Strike
1-1: Reached on error, E4 (Groundball, 4, EV 106.3 MPH)
Alwin Creel scores
Jose Infante scores
Batting: RHB Michael Lanum 0-0: Swinging Strike
0-1: Fly out, F7 (Flyball, 7, EV 86.3 MPH)
Batting: SHB Luis Martinez 0-0: Foul Ball, location: 2F
0-1: Fly out, F7 (Line Drive, 7, EV 104.4 MPH)
Top of the 4th over - 2 runs, 2 hits, 1 error, 1 left on base; Blacksburg 4 - Marion 2
BOTTOM OF THE 4TH
Marion Mets batting - Pitching for Blacksburg Tribe : LHP Mike Jeffcoat
Batting: LHB Francisco Jimenez 0-0: Called Strike
0-1: Swinging Strike
0-2: Foul Ball, location: 2F
0-2: Ground out 2-3 (Groundball, 2R, EV 70.6 MPH)
Batting: RHB Bob Geren 0-0: Ball
1-0: Called Strike
1-1: Ball
2-1: Ground out 5-3 (Groundball, 5, EV 88.1 MPH)
Batting: RHB Jose Maldonado 0-0: Called Strike
0-1: Ball
1-1: Foul Ball, location: 2F
1-2: Foul Ball, location: 2F
1-2: Foul Ball, location: 2F
1-2: Fly out, F8 (Flyball, 8LM, EV 93.8 MPH)
Bottom of the 4th over - 0 runs, 0 hits, 0 errors, 0 left on base; Blacksburg 4 - Marion 2
TOP OF THE 5TH
Blacksburg Tribe batting - Pitching for Marion Mets : RHP Kirby Krueger
Batting: RHB Jesus Alcala 0-0: Called Strike
0-1: Ball
1-1: Foul Ball, location: 2F
1-2: Ground out U3 (Groundball, 3, EV 101.9 MPH)
Batting: RHB Jay Munson 0-0: Ground out 3-1 (Groundball, 3S, EV 74.4 MPH)
Batting: LHB George Cecchetti 0-0: Called Strike
0-1: Reached on error, E3 (Groundball, 34S, EV 81.3 MPH)
Batting: RHB Alwin Creel 0-0: Called Strike
George Cecchetti steals 2nd base
0-1: Fly out, F7 (Flyball, 7, EV 96.9 MPH)
Top of the 5th over - 0 runs, 0 hits, 1 error, 1 left on base; Blacksburg 4 - Marion 2
BOTTOM OF THE 5TH
Marion Mets batting - Pitching for Blacksburg Tribe : LHP Mike Jeffcoat
Batting: RHB Thomas Wallace 0-0: Called Strike
0-1: Swinging Strike
0-2: Ball
1-2: Ball
2-2: Fly out, F8 (Line Drive, 8RD, EV 85.6 MPH)
Batting: LHB Ricky de la Cruz 0-0: Ball
1-0: Swinging Strike
1-1: Ball
2-1: Swinging Strike
2-2: Strikes out swinging
Batting: RHB Rey Quinones 0-0: Fly out, F8 (Flyball, 8LD, EV 81.9 MPH)
Bottom of the 5th over - 0 runs, 0 hits, 0 errors, 0 left on base; Blacksburg 4 - Marion 2
TOP OF THE 6TH
Blacksburg Tribe batting - Pitching for Marion Mets : RHP Kirby Krueger
Batting: RHB Omar Mora 0-0: Called Strike
0-1: Foul Ball, location: 2F
0-2: Ball
1-2: Strikes out swinging
Batting: LHB Jose Infante 0-0: Called Strike
0-1: Ball
1-1: Foul Ball, location: 2F
1-2: Strikes out swinging
Batting: RHB Mike Isherwood 0-0: Ball
1-0: Foul Ball, location: 2F
1-1: Ball
2-1: Ball
3-1: Base on Balls
Batting: RHB Michael Lanum 0-0: Ball
1-0: Ball
2-0: Called Strike
2-1: Ball
3-1: Ground out 4-3 (Groundball, 34, EV 92.5 MPH)
Top of the 6th over - 0 runs, 0 hits, 0 errors, 1 left on base; Blacksburg 4 - Marion 2
BOTTOM OF THE 6TH
Marion Mets batting - Pitching for Blacksburg Tribe : LHP Mike Jeffcoat
Batting: LHB Christopher Chapman 0-0: Ball
1-0: Foul Ball, location: 2F
1-1: Swinging Strike
1-2: Fly out, F7 (Flyball, 78S, EV 89.4 MPH)
Batting: RHB Wayne Harrison 0-0: Ball
1-0: Foul Ball, location: 2F
1-1: Ball
2-1: Foul Ball, location: 2F
2-2: Strikes out swinging
Batting: SHB Sherman Webb 0-0: Ground out 4-3 (Groundball, 4, EV 86.3 MPH)
Bottom of the 6th over - 0 runs, 0 hits, 0 errors, 0 left on base; Blacksburg 4 - Marion 2
TOP OF THE 7TH
Blacksburg Tribe batting - Pitching for Marion Mets : RHP Kirby Krueger
Batting: SHB Luis Martinez 0-0: Ball
1-0: Called Strike
1-1: Ball
2-1: Ball
3-1: Ground out U3 (Groundball, 3S, EV 63.8 MPH)
Batting: RHB Jesus Alcala 0-0: Foul Ball, location: 2F
0-1: Called Strike
0-2: Ball
1-2: Foul Ball, location: 2F
1-2: Ball
2-2: Reached on error, E5 (Groundball, 56S, EV 84.4 MPH)
Batting: RHB Jay Munson 0-0: Ball
Jesus Alcala steals 2nd base
1-0: Ball
Wild Pitch!
Jesus Alcala to third
2-0: Called Strike
2-1: Ground out U3 (Groundball, 34, EV 85.0 MPH)
Jesus Alcala scores
Batting: LHB George Cecchetti 0-0: Swinging Strike
0-1: Called Strike
0-2: SOLO HOME RUN (Flyball, 9D, EV 98.1 MPH), Distance : 373 ft
Pitching: RHP Tim Reid
Batting: RHB Alwin Creel 0-0: Ball
1-0: Called Strike
1-1: SINGLE (Line Drive, 9S, EV 108.8 MPH)
Batting: RHB Omar Mora 0-0: Called Strike
0-1: Foul Ball, location: 2F
0-2: Ball
1-2: Ball
Wild Pitch!
Alwin Creel to second
2-2: SINGLE (Line Drive, 56, EV 105.0 MPH)
Alwin Creel to third
Batting: LHB Jose Infante 0-0: Called Strike
0-1: Foul Ball, location: 2F
0-2: Ball
1-2: Ball
2-2: Foul Ball, location: 2F
2-2: Ball
3-2: Foul Ball, location: 2F
3-2: Base on Balls
Omar Mora to second
Batting: RHB Mike Isherwood 0-0: Ball
1-0: Fly out, F9 (Flyball, 89D, EV 105.6 MPH)
Top of the 7th over - 2 runs, 3 hits, 1 error, 3 left on base; Blacksburg 6 - Marion 2
BOTTOM OF THE 7TH
Marion Mets batting - Pitching for Blacksburg Tribe : LHP Mike Jeffcoat
Batting: LHB Francisco Jimenez 0-0: Foul Ball, location: 2F
0-1: Ball
1-1: Ball
2-1: Called Strike
2-2: Ball
3-2: Strikes out swinging
Batting: RHB Bob Geren 0-0: Foul Ball, location: 2F
0-1: SINGLE (Flyball, 89S, EV 89.4 MPH)
Batting: RHB Jose Maldonado 0-0: Ball
1-0: Ball
2-0: Ground out 3-1 (Groundball, 34S, EV 89.4 MPH)
Bob Geren to second
Batting: RHB Thomas Wallace 0-0: Called Strike
0-1: Ball
1-1: Ball
2-1: Foul Ball, location: 2F
2-2: Foul Ball, location: 2F
2-2: Ball
3-2: Foul Ball, location: 2F
3-2: Ground out 5-3 (Groundball, 56S, EV 91.3 MPH)
Bottom of the 7th over - 0 runs, 1 hit, 0 errors, 1 left on base; Blacksburg 6 - Marion 2
TOP OF THE 8TH
Blacksburg Tribe batting - Pitching for Marion Mets : RHP Tim Reid
Batting: RHB Michael Lanum 0-0: Ground out U3 (Groundball, 3, EV 101.9 MPH)
Batting: SHB Luis Martinez 0-0: Called Strike
0-1: Ball
1-1: Ball
2-1: Reached on error, E5 (Groundball, 56, EV 103.8 MPH)
Batting: RHB Jesus Alcala 0-0: Ball
Luis Martinez is caught stealing 2nd base 2-4
1-0: Foul Ball, location: 2F
1-1: Fly out, F9 (Line Drive, 9, EV 96.9 MPH)
Top of the 8th over - 0 runs, 0 hits, 1 error, 0 left on base; Blacksburg 6 - Marion 2
BOTTOM OF THE 8TH
Marion Mets batting - Pitching for Blacksburg Tribe : LHP Mike Jeffcoat
Batting: LHB Ricky de la Cruz 0-0: Called Strike
0-1: Called Strike
0-2: Ball
1-2: Strikes out swinging
Batting: RHB Rey Quinones 0-0: Foul Ball, location: 2F
0-1: Swinging Strike
0-2: Foul Ball, location: 2F
0-2: Ball
1-2: Strikes out looking
Batting: LHB Christopher Chapman 0-0: Ball
1-0: Called Strike
1-1: Swinging Strike
1-2: Ball
2-2: Fly out, F8 (Flyball, 8LD, EV 85.6 MPH)
Bottom of the 8th over - 0 runs, 0 hits, 0 errors, 0 left on base; Blacksburg 6 - Marion 2
TOP OF THE 9TH
Blacksburg Tribe batting - Pitching for Marion Mets : RHP Tim Reid
Batting: RHB Jay Munson 0-0: Ball
1-0: Foul Ball, location: 2F
1-1: Ball
2-1: Ball
3-1: Foul Ball, location: 2F
3-2: Reached on error, E6 (Groundball, 4M, EV 88.1 MPH)
Batting: LHB George Cecchetti 0-0: Ball
1-0: Ball
2-0: Ball
3-0: Base on Balls
Jay Munson to second
Batting: RHB Alwin Creel 0-0: Ball
1-0: Called Strike
1-1: Swinging Strike
1-2: 3-RUN HOME RUN (Flyball, 9D, EV 107.5 MPH), Distance : 367 ft
Batting: RHB Omar Mora 0-0: Foul Ball, location: 2F
0-1: Ball
1-1: Ball
2-1: Swinging Strike
2-2: Ball
3-2: Ground out 6-3 (Groundball, 6, EV 107.5 MPH)
Batting: LHB Jose Infante 0-0: Ball
1-0: Swinging Strike
1-1: SOLO HOME RUN (Flyball, 9LD, EV 108.1 MPH), Distance : 350 ft
Batting: RHB Mike Isherwood 0-0: Ball
1-0: Foul Ball, location: 2F
1-1: Ball
2-1: Ball
3-1: Foul Ball, location: 2F
3-2: Foul Ball, location: 2F
3-2: Fly out, F2 (Popup, 23F, EV 90.6 MPH)
Batting: RHB Michael Lanum 0-0: Ball
1-0: Ball
2-0: Fly out, F9 (Flyball, 9D, EV 101.9 MPH)
Top of the 9th over - 4 runs, 2 hits, 1 error, 0 left on base; Blacksburg 10 - Marion 2
BOTTOM OF THE 9TH
Marion Mets batting - Pitching for Blacksburg Tribe : LHP Mike Jeffcoat
Batting: RHB Wayne Harrison 0-0: Foul Ball, location: 2F
0-1: Ball
1-1: Ball
2-1: Swinging Strike
2-2: Ball
3-2: Foul Ball, location: 2F
3-2: Base on Balls
Pinch Hitting: RHB Miguel Corona 0-0: Reached on error, E5 (Groundball, 56S, EV 87.5 MPH)
Wayne Harrison to second
Batting: LHB Francisco Jimenez 0-0: SINGLE (Line Drive, 56D, EV 95.6 MPH)
Wayne Harrison to third
Miguel Corona to second
Batting: RHB Bob Geren 0-0: Called Strike
0-1: Swinging Strike
0-2: Foul Ball, location: 2F
0-2: Fly out, F4 (Flyball, 4D, EV 83.1 MPH)
Batting: RHB Jose Maldonado 0-0: Ball
Wild Pitch!
Wayne Harrison scores
Miguel Corona to third
Francisco Jimenez to second
1-0: Ball
2-0: Foul Ball, location: 2F
2-1: Foul Ball, location: 2F
2-2: Foul Ball, location: 2F
2-2: Fly out, F6 (Flyball, 6D, EV 83.8 MPH)
Batting: RHB Thomas Wallace 0-0: Called Strike
0-1: Ball
1-1: Ball
2-1: Foul Ball, location: 2F
2-2: Ball
3-2: Base on Balls
Pitching: RHP Ray Soff
Batting: LHB Ricky de la Cruz 0-0: Called Strike
0-1: Fielders Choice at 2nd, U6 (Groundball, 6M, EV 88.1 MPH)
Bottom of the 9th over - 1 run, 1 hit, 1 error, 3 left on base; Blacksburg 10 - Marion 3
Wednesday, August 12th, 2020 - OOTP Baseball 21.5 Build 76